[Event "FIDE WYCC Girls U18 2023"]
[Site "Montesilvano"]
[Date "2023.11.17"]
[Round "5.23"]
[White "Sukyte, Kotryna"]
[Black "Wan, Qian"]
[Result "0-1"]
[ECO "D31"]
[WhiteElo "1651"]
[BlackElo "1945"]
[Annotator "NA"]
[PlyCount "90"]
[EventDate "2023.11.13"]
[EventType "swiss"]
[EventCountry "ITA"]
[SourceTitle "playchess.com"]
[Source "ChessBase"]
[SourceQuality "1"]
[TimeControl "40/5400+30:1800+30"]

1. d4 d5 2. c4 e6 3. Nc3 Bb4 4. e3 Nf6 5. Bd2 O-O 6. Nf3 b6 7. Bd3 Bb7 8. a3 Bd6 9. O-O c5 10. Qe2 Nbd7 11. Rac1 Rc8 12. cxd5 exd5 13. Rfd1 c4 14. Bc2 Re8 15. a4 a6 16. Na2 b5 17. axb5 axb5 18. Nb4 Qe7 19. Qe1 Ne4 20. Bc3 f5 21. h3 g5 22. Nh2 Ndf6 23. Bxe4 Nxe4 24. Nc2 Qf6 25. Bb4 Bb8 26. Nf1 g4 27. hxg4 fxg4 28. Nd2 Qh4 29. Nxe4 Qh2+ 30. Kf1 dxe4 31. Ke2 Qxg2 32. Qh1 Qf3+ 33. Qxf3 exf3+ 34. Kd2 Rcd8 35. Rh1 Re5 36. Kc3 Rf5 37. Rcf1 h5 38. Be7 Re8 39. Bh4 Be4 40. Rhg1 Bh2 41. Rh1 Bd6 42. Rhg1 b4+ 43. Nxb4 Rb8 44. Na6 Rb3+ 45. Kd2 Rxb2+ 0-1

[Event "FIDE WYCC Girls U18 2023"]
[Site "Montesilvano"]
[Date "2023.11.17"]
[Round "5.24"]
[White "Wisniowski, Natalie"]
[Black "Chavez Echeverria, Ana Karen"]
[Result "1-0"]
[ECO "A52"]
[WhiteElo "1901"]
[BlackElo "1230"]
[Annotator "NA"]
[PlyCount "165"]
[EventDate "2023.11.13"]
[EventType "swiss"]
[EventCountry "ITA"]
[SourceTitle "playchess.com"]
[Source "ChessBase"]
[SourceQuality "1"]
[TimeControl "40/5400+30:1800+30"]

1. d4 Nf6 2. c4 e5 3. dxe5 Ng4 4. Nf3 Nc6 5. e3 Bb4+ 6. Bd2 Qe7 7. Be2 Ngxe5 8. O-O O-O 9. Nc3 Qc5 10. b3 Qa5 11. Qc2 d6 12. a3 Bxc3 13. Bxc3 Qb6 14. Rfd1 Bg4 15. Ng5 f5 16. Bxg4 Nxg4 17. Nf3 Nce5 18. Nxe5 Nxe5 19. Rd5 Rae8 20. Rad1 Re6 21. c5 Qc6 22. Qb2 Rfe8 23. cxd6 Rxd6 24. Rxd6 cxd6 25. Qd2 Re6 26. Bb4 Rg6 27. Qd5+ Nf7 28. g3 Qxd5 29. Rxd5 Rf6 30. Bc3 Re6 31. Rxf5 Re7 32. Rd5 Rc7 33. Bb4 Rc6 34. Kg2 b6 35. e4 h6 36. h4 a5 37. Bd2 Kf8 38. Be3 Ne5 39. Bd4 Nd7 40. Rf5+ Kg8 41. Kf3 Nc5 42. b4 axb4 43. axb4 Ne6 44. Be3 Nc7 45. Kg2 g6 46. Rf6 Kg7 47. Bd4 Nb5 48. Rxd6+ Nxd4 49. Rxd4 Kf6 50. f4 h5 51. Kf3 Rc3+ 52. Kf2 Ke6 53. Rd5 Rc6 54. Ke3 Rc3+ 55. Rd3 Rc4 56. Rd4 Rc3+ 57. Kf2 Rc2+ 58. Ke3 Rc3+ 59. Rd3 Rc4 60. b5 Rc5 61. Rb3 Kf6 62. Kd4 Ke6 63. Ke3 Kf6 64. Kf3 Rc4 65. Rd3 Ke6 66. Rd5 Rc3+ 67. Kg2 Rc2+ 68. Kh3 Rc3 69. Rg5 Kf7 70. f5 gxf5 71. Rxf5+ Kg6 72. Rg5+ Kh6 73. Re5 Rc4 74. Re6+ Kg7 75. Rxb6 Rxe4 76. Rb8 Re5 77. b6 Rb5 78. b7 Kf7 79. Rh8 Kg7 80. b8=Q Rf5 81. Qg8+ Kf6 82. Rh6+ Ke5 83. Qe6+ 1-0

[Event "FIDE WYCC Girls U18 2023"]
[Site "Montesilvano"]
[Date "2023.11.17"]
[Round "5.25"]
[White "Katter, Katharina"]
[Black "Latifah, Darmaki"]
[Result "0-1"]
[ECO "D31"]
[WhiteElo "1887"]
[BlackElo "1367"]
[Annotator "NA"]
[PlyCount "62"]
[EventDate "2023.11.13"]
[EventType "swiss"]
[EventCountry "ITA"]
[SourceTitle "playchess.com"]
[Source "ChessBase"]
[SourceQuality "1"]
[TimeControl "40/5400+30:1800+30"]

1. d4 d5 2. c4 e6 3. Nc3 c6 4. Nf3 f5 5. Bf4 Nf6 6. e3 Be7 7. Bd3 O-O 8. h3 Ne4 9. g4 Qa5 10. Bxe4 fxe4 11. Ne5 Nd7 12. h4 Nxe5 13. Bxe5 Bf6 14. Bd6 Rf7 15. g5 Be7 16. Be5 Rf3 17. Qd2 b5 18. cxb5 cxb5 19. Nxe4 b4 20. Ng3 Ba6 21. a4 Raf8 22. Bf4 R8xf4 23. exf4 Rd3 24. Qxd3 Bxd3 25. Kd2 Bc4 26. Ke3 b3 27. Rhd1 Bb4 28. Kf3 Qc7 29. Nh5 Qf7 30. Ng3 Bd6 31. Ne2 Qh5+ 0-1

[Event "FIDE WYCC Girls U18 2023"]
[Site "Montesilvano"]
[Date "2023.11.17"]
[Round "5.26"]
[White "Obada, Ema"]
[Black "Saraci, Rinesa"]
[Result "1-0"]
[ECO "C47"]
[WhiteElo "2023"]
[BlackElo "1481"]
[Annotator "NA"]
[PlyCount "79"]
[EventDate "2023.11.13"]
[EventType "swiss"]
[EventCountry "ITA"]
[SourceTitle "playchess.com"]
[Source "ChessBase"]
[SourceQuality "1"]
[TimeControl "40/5400+30:1800+30"]

1. e4 e5 2. Nf3 Nc6 3. Nc3 Nf6 4. d4 exd4 5. Nxd4 d6 6. Bb5 Bd7 7. Bxc6 bxc6 8. Qf3 Be7 9. e5 dxe5 10. Nxc6 Bxc6 11. Qxc6+ Nd7 12. Be3 O-O 13. O-O-O Bd6 14. Nb5 Nf6 15. Nxd6 cxd6 16. Rxd6 Rc8 17. Rxd8 Rxc6 18. Rxf8+ Kxf8 19. Bxa7 Ke8 20. a3 Nd7 21. Be3 e4 22. Bd4 f5 23. g3 g6 24. b4 Kd8 25. Kb2 Kc7 26. Kb3 Nf8 27. b5 Re6 28. a4 Kb7 29. a5 Rd6 30. Bc5 Rd8 31. Bxf8 Rxf8 32. Rd1 Rf7 33. c4 f4 34. Re1 fxg3 35. fxg3 Rf2 36. Rxe4 Rxh2 37. Re7+ Kb8 38. Kb4 Rh3 39. Kc5 Rxg3 40. Kc6 1-0

[Event "FIDE WYCC Girls U18 2023"]
[Site "Montesilvano"]
[Date "2023.11.17"]
[Round "5.27"]
[White "Alexandrova, Angelina"]
[Black "Darweeche, Roaa"]
[Result "1/2-1/2"]
[ECO "B22"]
[WhiteElo "1814"]
[BlackElo "1406"]
[Annotator "NA RC"]
[PlyCount "25"]
[EventDate "2023.11.13"]
[EventType "swiss"]
[EventCountry "ITA"]
[SourceTitle "playchess.com"]
[Source "ChessBase"]
[SourceQuality "1"]
[TimeControl "40/5400+30:1800+30"]

1. e4 c5 2. c3 d5 3. exd5 Qxd5 4. d4 Nc6 5. Nf3 Nf6 6. Na3 Bg4 7. Be2 cxd4 8. cxd4 O-O-O 9. Be3 Kb8 10. Bc1 Kc8 11. Be3 Kb8 12. Bc1 Kc8 13. Be3 1/2-1/2

[Event "FIDE WYCC Girls U18 2023"]
[Site "Montesilvano"]
[Date "2023.11.17"]
[Round "5.28"]
[White "Lu, Yun-Ru"]
[Black "Keerti Shree Reddy"]
[Result "0-1"]
[ECO "B27"]
[WhiteElo "1284"]
[BlackElo "1741"]
[Annotator "NA RC"]
[PlyCount "44"]
[EventDate "2023.11.13"]
[EventType "swiss"]
[EventCountry "ITA"]
[SourceTitle "playchess.com"]
[Source "ChessBase"]
[SourceQuality "1"]
[TimeControl "40/5400+30:1800+30"]

1. e4 c5 2. Nf3 g6 3. Nc3 Bg7 4. Be2 Nc6 5. O-O d6 6. Re1 Nf6 7. Bc4 O-O 8. h3 a6 9. a4 Bd7 10. d3 Rc8 11. Bf4 Na5 12. b3 Bc6 13. Rb1 Nh5 14. Bd2 e6 15. Ne2 d5 16. b4 dxe4 17. Ng5 Nxc4 18. dxc4 cxb4 19. Bxb4 Qxg5 20. Bxf8 Rxf8 21. a5 e3 22. f3 Bxf3 0-1

[Event "FIDE WYCC Girls U18 2023"]
[Site "Montesilvano"]
[Date "2023.11.17"]
[Round "5.29"]
[White "Gonzalez Romo, Greshya Jocelyn"]
[Black "Tsapaki, Asimenia"]
[Result "0-1"]
[ECO "C02"]
[WhiteElo "1494"]
[BlackElo "1702"]
[Annotator "NA"]
[PlyCount "76"]
[EventDate "2023.11.13"]
[EventType "swiss"]
[EventCountry "ITA"]
[SourceTitle "playchess.com"]
[Source "ChessBase"]
[SourceQuality "1"]
[TimeControl "40/5400+30:1800+30"]

1. e4 e6 2. d4 d5 3. e5 c5 4. c3 Nc6 5. Nf3 Qb6 6. a3 Bd7 7. b4 cxd4 8. cxd4 Rc8 9. Be3 Nh6 10. Bd3 Ng4 11. O-O Be7 12. Nbd2 Nxe3 13. fxe3 Nb8 14. Rc1 O-O 15. Rxc8 Rxc8 16. Qb1 h6 17. Rc1 Rxc1+ 18. Qxc1 Bf8 19. Nb3 Bb5 20. Bb1 Nc6 21. Qc2 g6 22. Nh4 Ne7 23. Nc5 a5 24. a4 Bc4 25. bxa5 Qxa5 26. Kf2 Qb6 27. Nd7 Qb4 28. Nxf8 Kxf8 29. Ba2 Nc6 30. Nf3 Na5 31. Nd2 Ke8 32. Nxc4 dxc4 33. e4 Nb3 34. d5 exd5 35. exd5 Qc5+ 36. Kf1 Qxd5 37. Qe2 Kf8 38. Qf3 Nd2+ 0-1

[Event "FIDE WYCC Girls U18 2023"]
[Site "Montesilvano"]
[Date "2023.11.17"]
[Round "5.30"]
[White "Belattar, Ines"]
[Black "Changkachith, Alyssa"]
[Result "*"]
[WhiteElo "1623"]
[BlackElo "1147"]
[Annotator "NA"]
[PlyCount "89"]
[EventDate "2023.11.13"]
[EventType "swiss"]
[EventCountry "ITA"]
[SourceTitle "playchess.com"]
[Source "ChessBase"]
[SourceQuality "1"]
[TimeControl "40/5400+30:1800+30"]

1. d4 d5 2. Bf4 e6 3. e3 Nf6 4. c3 Be7 5. Nf3 Nbd7 6. Bd3 c6 7. Nbd2 h6 8. Ne5 a6 9. Qf3 Qb6 10. Rb1 c5 11. h4 Bd6 12. Nec4 dxc4 13. Nxc4 Qd8 14. Nxd6+ Ke7 15. Nxb7 Bxb7 16. Qxb7 cxd4 17. exd4 a5 18. O-O Kf8 19. Bd6+ Kg8 20. Bc7 Qe8 21. Qb5 g6 22. Bxa5 Kg7 23. a3 Rb8 24. Qc6 Qe7 25. Bb4 Qd8 26. Qf3 Nd5 27. Bd6 Rb6 28. Bg3 N5f6 29. b4 Nh5 30. c4 Nxg3 31. fxg3 Nf6 32. Qf4 Rd6 33. Qe5 Rxd4 34. Rbd1 Rd7 35. b5 Qe7 36. g4 g5 37. hxg5 hxg5 38. Qxg5+ Kf8 39. Qxf6 Qc5+ 40. Qf2 Qd6 41. Qf4 Qxa3 42. Qb8+ Kg7 43. Qe5+ Kg8 44. Qg5+ Kf8 45. Ra1 *

[Event "FIDE WYCC Girls U18 2023"]
[Site "Montesilvano"]
[Date "2023.11.17"]
[Round "5.31"]
[White "Mohd Azman, Farihah Nur Aisyah"]
[Black "Hoanca, Alexia-Ioana"]
[Result "0-1"]
[ECO "D02"]
[WhiteElo "1379"]
[BlackElo "1830"]
[Annotator "NA"]
[PlyCount "78"]
[EventDate "2023.11.13"]
[EventType "swiss"]
[EventCountry "ITA"]
[SourceTitle "playchess.com"]
[Source "ChessBase"]
[SourceQuality "1"]
[TimeControl "40/5400+30:1800+30"]

1. d4 d5 2. Nf3 e6 3. Bf4 Nf6 4. e3 c5 5. c3 Nc6 6. Nbd2 cxd4 7. cxd4 Qb6 8. Rb1 Nh5 9. Bg3 Nxg3 10. hxg3 Bd6 11. a3 h6 12. Bd3 Bd7 13. b4 O-O-O 14. O-O f5 15. Nb3 Kb8 16. Nc5 g5 17. Qd2 Bxc5 18. dxc5 Qc7 19. b5 Ne5 20. Nxe5 Qxe5 21. c6 Be8 22. cxb7 Qd6 23. Rfc1 Rh7 24. a4 Rxb7 25. a5 d4 26. e4 fxe4 27. Bxe4 Rxb5 28. Bd3 Rxb1 29. Rxb1+ Ka8 30. Qc2 Bc6 31. Qc4 Qd5 32. Qxd5 Bxd5 33. Re1 Kb8 34. Ba6 Kc7 35. Bf1 Kd6 36. f4 Rf8 37. fxg5 hxg5 38. Bd3 e5 39. Re2 Re8 0-1

[Event "FIDE WYCC Girls U18 2023"]
[Site "Montesilvano"]
[Date "2023.11.17"]
[Round "5.32"]
[White "Hernandez Ortega, Carolina"]
[Black "Ham Corona, Ana Paola"]
[Result "1-0"]
[ECO "B27"]
[WhiteElo "1796"]
[BlackElo "1318"]
[Annotator "NA RC"]
[PlyCount "45"]
[EventDate "2023.11.13"]
[EventType "swiss"]
[EventCountry "ITA"]
[SourceTitle "playchess.com"]
[Source "ChessBase"]
[SourceQuality "1"]
[TimeControl "40/5400+30:1800+30"]

1. e4 c5 2. Nf3 g6 3. d4 cxd4 4. Qxd4 Nf6 5. e5 Nc6 6. Qa4 Nd5 7. Qe4 Nb6 8. Nc3 Bg7 9. Bf4 O-O 10. O-O-O Re8 11. h4 d5 12. exd6 Bf5 13. Qe3 Nb4 14. dxe7 Nxa2+ 15. Nxa2 Bxb2+ 16. Kxb2 Qxd1 17. Qd2 Nc4+ 18. Bxc4 Qxh1 19. Bxf7+ Kxf7 20. Ng5+ Kg8 21. Qd5+ Kg7 22. Qf7+ Kh6 23. Qxh7# 1-0

[Event "FIDE WYCC Girls U18 2023"]
[Site "Montesilvano"]
[Date "2023.11.17"]
[Round "5.33"]
[White "Nielsen-Refs, Ingrid Elmer"]
[Black "Gavrileva, Anna"]
[Result "1-0"]
[ECO "D30"]
[WhiteElo "1676"]
[BlackElo "1316"]
[Annotator "NA"]
[PlyCount "59"]
[EventDate "2023.11.13"]
[EventType "swiss"]
[EventCountry "ITA"]
[SourceTitle "playchess.com"]
[Source "ChessBase"]
[SourceQuality "1"]
[TimeControl "40/5400+30:1800+30"]

1. d4 d5 2. c4 e6 3. Nf3 c6 4. e3 Nf6 5. b3 Nbd7 6. Bb2 Bd6 7. Bd3 O-O 8. Qc2 Re8 9. Ne5 Bb4+ 10. Nd2 h6 11. O-O Nxe5 12. dxe5 Nd7 13. Rad1 Qc7 14. f4 b6 15. Rf3 Bb7 16. cxd5 Nc5 17. dxe6 Nxe6 18. Ne4 Rad8 19. Rg3 c5 20. Nf6+ Kf8 21. Nxe8 Rxe8 22. f5 Nd8 23. a3 Bxa3 24. Bxa3 Rxe5 25. Bb2 Re7 26. Bxg7+ Ke8 27. Bxh6 Bc6 28. Rg8+ Kd7 29. Bb5+ Kc8 30. Rdxd8+ 1-0

[Event "FIDE WYCC Girls U18 2023"]
[Site "Montesilvano"]
[Date "2023.11.17"]
[Round "5.34"]
[White "Ajradinoska, Indzi"]
[Black "Yim, Jay"]
[Result "1-0"]
[ECO "D05"]
[WhiteElo "1594"]
[BlackElo "1310"]
[Annotator "NA"]
[PlyCount "91"]
[EventDate "2023.11.13"]
[EventType "swiss"]
[EventCountry "ITA"]
[SourceTitle "playchess.com"]
[Source "ChessBase"]
[SourceQuality "1"]
[TimeControl "40/5400+30:1800+30"]

1. d4 d5 2. Nf3 e6 3. e3 Nf6 4. b3 Bd6 5. Bb2 b6 6. Bd3 O-O 7. O-O Bb7 8. Nbd2 Nbd7 9. Ne5 c5 10. Rc1 Rc8 11. f3 Qe7 12. Qe2 cxd4 13. exd4 Nxe5 14. dxe5 Bc5+ 15. Kh1 Nh5 16. g3 Qg5 17. f4 Qh6 18. Kg2 Be3 19. Rcd1 d4+ 20. Be4 Bxe4+ 21. Nxe4 Qg6 22. f5 exf5 23. Nd6 Rc6 24. Nxf5 Rc7 25. Nxe3 dxe3 26. c4 f5 27. Qxe3 f4 28. Qf3 Rcf7 29. g4 Ng3 30. hxg3 fxg3 31. Qxf7+ Qxf7 32. Rxf7 Kxf7 33. Rf1+ Ke8 34. Rxf8+ Kxf8 35. g5 Kf7 36. Kxg3 Ke6 37. Kf4 g6 38. b4 a6 39. a4 Kd7 40. Bd4 Kc6 41. b5+ axb5 42. cxb5+ Kc7 43. e6 Kd6 44. Bxb6 Kxe6 45. a5 Kd7 46. Ke5 1-0

[Event "FIDE WYCC Girls U18 2023"]
[Site "Montesilvano"]
[Date "2023.11.17"]
[Round "5.35"]
[White "Larsson, Susanne Wiggen"]
[Black "Zubova, Darja"]
[Result "0-1"]
[ECO "A06"]
[WhiteElo "1159"]
[BlackElo "1582"]
[Annotator "NA"]
[PlyCount "76"]
[EventDate "2023.11.13"]
[EventType "swiss"]
[EventCountry "ITA"]
[SourceTitle "playchess.com"]
[Source "ChessBase"]
[SourceQuality "1"]
[TimeControl "40/5400+30:1800+30"]

1. Nf3 d5 2. g3 Bg4 3. Bg2 c6 4. O-O Nd7 5. d4 Ngf6 6. Nbd2 e6 7. c4 Be7 8. Re1 h5 9. h4 Qc7 10. Qc2 Bf5 11. Qc3 dxc4 12. e4 Bg6 13. Qxc4 Nb6 14. Qb3 Ng4 15. e5 Nd5 16. a3 O-O-O 17. Ne4 f6 18. Nc3 Bf5 19. Bd2 Nxc3 20. Bxc3 fxe5 21. Nxe5 Nxe5 22. Rxe5 Bf6 23. Rc5 Bxd4 24. Bxd4 Rxd4 25. Rac1 Rd6 26. Qa4 Kb8 27. b4 Rd4 28. Bxc6 bxc6 29. Rxc6 Qd7 30. Qb5+ Ka8 31. Kh2 Be4 32. Qa6 Bxc6 33. Rxc6 Rd8 34. b5 Rd6 35. Rxd6 Qxd6 36. Qa5 Qd2 37. Qc7 Qxf2+ 38. Kh3 Qf1+ 0-1

[Event "FIDE WYCC Girls U18 2023"]
[Site "Montesilvano"]
[Date "2023.11.18"]
[Round "6.1"]
[White "Zhurova, Anna"]
[Black "Allahverdiyeva, Ayan"]
[Result "0-1"]
[ECO "B23"]
[WhiteElo "2149"]
[BlackElo "2152"]
[Annotator "ChessBase"]
[PlyCount "52"]
[EventDate "2023.11.13"]
[EventType "swiss"]
[EventCountry "ITA"]
[SourceTitle "playchess.com"]
[Source "ChessBase"]
[SourceQuality "1"]
[TimeControl "40/5400+30:1800+30"]

1. e4 c5 2. Nc3 a6 3. g3 d6 4. Bg2 Nf6 5. f4 g6 6. Nf3 Bg7 7. O-O Nc6 8. h3 Rb8 9. d3 b5 10. Be3 b4 11. Ne2 O-O 12. Qc1 a5 13. g4 Ba6 14. Ng3 Nd7 15. f5 Nde5 16. Bh6 c4 17. Nh4 cxd3 18. Nh5 d2 19. Qxd2 Nc4 20. Qg5 Bd4+ 21. Kh1 Be3 22. Nf4 f6 23. Ne6 Bxg5 24. Nxd8 Rfxd8 25. Bxg5 fxg5 26. Nf3 N4e5 0-1

[Event "FIDE WYCC Girls U18 2023"]
[Site "Montesilvano"]
[Date "2023.11.18"]
[Round "6.2"]
[White "Oviedo Acosta, Paula"]
[Black "Trifoi, Mihaela-Ioana"]
[Result "*"]
[ECO "B13"]
[WhiteElo "1639"]
[BlackElo "2021"]
[Annotator "NA"]
[PlyCount "93"]
[EventDate "2023.11.13"]
[EventType "swiss"]
[EventCountry "ITA"]
[SourceTitle "playchess.com"]
[Source "ChessBase"]
[SourceQuality "1"]
[TimeControl "40/5400+30:1800+30"]

1. e4 c6 2. d4 d5 3. exd5 cxd5 4. Bd3 Nf6 5. h3 Nc6 6. c3 g6 7. Nf3 Bg7 8. O-O O-O 9. Re1 Bf5 10. Bf4 Bxd3 11. Qxd3 e6 12. Nbd2 a6 13. a4 Rc8 14. Ne5 Ne8 15. Re3 Nd6 16. Nxc6 Rxc6 17. a5 b5 18. axb6 Qxb6 19. Ra2 Nc4 20. Nxc4 Rxc4 21. h4 h5 22. Qe2 Ra8 23. g4 hxg4 24. Kg2 Rc6 25. Kg3 f5 26. f3 gxf3 27. Kxf3 Kf7 28. Ra1 Rh8 29. Rh1 Bf6 30. Kg3 g5 31. hxg5 Rxh1 32. gxf6 Qd8 33. Qg2 Qg8+ 34. Kf2 Qxg2+ 35. Kxg2 Rb1 36. b4 Kxf6 37. Rg3 Rb2+ 38. Kh3 Rc2 39. Be5+ Kf7 40. Rg7+ Ke8 41. Kh4 R2xc3 42. Kg5 Rb6 43. Kf6 Rcc6 44. Bc7 Rb7 45. Rg8+ Kd7 46. Ba5 Rc8 47. Rg7+ *

[Event "FIDE WYCC Girls U18 2023"]
[Site "Montesilvano"]
[Date "2023.11.18"]
[Round "6.3"]
[White "Mihelic, Vesna"]
[Black "Bhagyashree Patil"]
[Result "*"]
[WhiteElo "2102"]
[BlackElo "1830"]
[Annotator "NA"]
[PlyCount "64"]
[EventDate "2023.11.13"]
[EventType "swiss"]
[EventCountry "ITA"]
[SourceTitle "playchess.com"]
[Source "ChessBase"]
[SourceQuality "1"]
[TimeControl "40/5400+30:1800+30"]

1. e4 e5 2. Nf3 Nc6 3. Bc4 Nf6 4. d3 Bc5 5. Nc3 d6 6. Be3 Bxe3 7. fxe3 Be6 8. Bb3 Qd7 9. O-O O-O 10. Qe1 Ne7 11. d4 Bxb3 12. axb3 Ng6 13. d5 a6 14. h3 c6 15. Nh4 cxd5 16. Rxf6 gxf6 17. Nxd5 Qe6 18. Nc7 Qc8 19. Nxa8 Qxa8 20. Nf5 b5 21. Qb4 Rd8 22. Rf1 Qc6 23. h4 Qxc2 24. Qa5 Ra8 25. h5 Qxe4 26. Qe1 Rd8 27. hxg6 hxg6 28. Ng3 Qh4 29. Ne2 Qh6 30. Qf2 f5 31. e4 f4 32. Qb6 Qh4 *

[Event "FIDE WYCC Girls U18 2023"]
[Site "Montesilvano"]
[Date "2023.11.18"]
[Round "6.4"]
[White "Margadgua Erdenebayar"]
[Black "Mungunzul, Bat-Erdene"]
[Result "0-1"]
[ECO "C45"]
[WhiteElo "2013"]
[BlackElo "2111"]
[Annotator "NA"]
[PlyCount "54"]
[EventDate "2023.11.13"]
[EventType "swiss"]
[EventCountry "ITA"]
[SourceTitle "playchess.com"]
[Source "ChessBase"]
[SourceQuality "1"]
[TimeControl "40/5400+30:1800+30"]

1. e4 e5 2. Nf3 Nc6 3. d4 exd4 4. Nxd4 Bc5 5. Nb3 Bb6 6. Qe2 d6 7. Nc3 Nf6 8. Be3 Be6 9. O-O-O O-O 10. f3 Nd7 11. h3 a5 12. f4 Re8 13. Qf3 a4 14. Nd4 a3 15. f5 axb2+ 16. Kxb2 Nde5 17. Qg3 Bxd4 18. Bxd4 Bc4 19. Be3 Bxf1 20. Bh6 Qf6 21. Bg5 Nc4+ 22. Kc1 Qe5 23. Qxe5 N6xe5 24. Rhxf1 Ra3 25. Nb1 Rxa2 26. Bd2 Nc6 27. Rde1 Nd4 0-1

[Event "FIDE WYCC Girls U18 2023"]
[Site "Montesilvano"]
[Date "2023.11.18"]
[Round "6.5"]
[White "Luong, Hoang Tu Linh"]
[Black "Liu, Kelsey"]
[Result "1-0"]
[ECO "E06"]
[WhiteElo "1887"]
[BlackElo "2051"]
[Annotator "NA"]
[PlyCount "159"]
[EventDate "2023.11.13"]
[EventType "swiss"]
[EventCountry "ITA"]
[SourceTitle "playchess.com"]
[Source "ChessBase"]
[SourceQuality "1"]
[TimeControl "40/5400+30:1800+30"]

1. d4 Nf6 2. c4 e6 3. g3 d5 4. Bg2 Be7 5. Nf3 O-O 6. O-O dxc4 7. Qc2 a6 8. Qxc4 b5 9. Qc2 Bb7 10. Bd2 Nc6 11. e3 Nd5 12. a3 b4 13. Rd1 a5 14. e4 Nf6 15. Bf4 Na7 16. Ne5 c6 17. a4 Rc8 18. Qe2 Nd7 19. Nxd7 Qxd7 20. Nd2 Ra8 21. Nb3 Qd8 22. Rac1 Qb6 23. Qg4 Rfd8 24. h4 Bc8 25. Qh5 Bf6 26. Be3 Bd7 27. Qxa5 Qxa5 28. Nxa5 Rdc8 29. Nc4 Bd8 30. b3 Bc7 31. Nb2 Kf8 32. Nd3 Ba5 33. Rc4 Rab8 34. Bf4 Bc7 35. Bxc7 Rxc7 36. Nxb4 Rb6 37. Rdc1 Rcb7 38. Nd3 Ke7 39. Nc5 Rb8 40. e5 Be8 41. Bf1 Rd8 42. f4 Rbb8 43. Kf2 Nc8 44. a5 Na7 45. Ke3 f6 46. R4c3 Bh5 47. Bc4 Bg4 48. a6 Kf7 49. Nb7 Rd7 50. Bd3 Ra8 51. Na5 Nb5 52. Bxb5 cxb5 53. Nb7 fxe5 54. fxe5 Kg6 55. Rf1 Rxa6 56. Nc5 Rc7 57. Kd2 Ra8 58. b4 Ra2+ 59. Rc2 Ra3 60. Rc3 Ra2+ 61. Rc2 Ra3 62. Nd3 Rd7 63. Rf4 Bf5 64. Rc3 Ra2+ 65. Ke3 Rg2 66. Kf3 Rd2 67. Ke3 Rg2 68. Rf3 Bxd3 69. Kxd3 Rb2 70. Rc6 Rxb4 71. Rxe6+ Kh5 72. Rd6 Ra7 73. Ke4 Kg4 74. e6 Re7 75. Rf7 Re8 76. Rxg7+ Kh3 77. e7 Rb1 78. Kd5 Re1 79. Re6 Rd1 80. Rf7 1-0

[Event "FIDE WYCC Girls U18 2023"]
[Site "Montesilvano"]
[Date "2023.11.18"]
[Round "6.6"]
[White "Petricenco, Ana"]
[Black "Largo, Franchesca"]
[Result "1-0"]
[ECO "C67"]
[WhiteElo "1902"]
[BlackElo "1658"]
[Annotator "NA"]
[PlyCount "45"]
[EventDate "2023.11.13"]
[EventType "swiss"]
[EventCountry "ITA"]
[SourceTitle "playchess.com"]
[Source "ChessBase"]
[SourceQuality "1"]
[TimeControl "40/5400+30:1800+30"]

1. e4 e5 2. Nf3 Nc6 3. Bb5 Nf6 4. O-O Nxe4 5. Re1 Nd6 6. Nxe5 Be7 7. Bd3 Nxe5 8. Rxe5 O-O 9. Nc3 Bf6 10. Re3 c6 11. Bxh7+ Kxh7 12. Qh5+ Kg8 13. Rh3 Bh4 14. Rxh4 f6 15. d3 Ne8 16. Qh7+ Kf7 17. Qh5+ Kg8 18. Be3 b6 19. Qg6 d5 20. Rh7 Rf7 21. Qh5 Kf8 22. Re1 Be6 23. Bc5+ 1-0

[Event "FIDE WYCC Girls U18 2023"]
[Site "Montesilvano"]
[Date "2023.11.18"]
[Round "6.7"]
[White "Kurmangaliyeva, Liya"]
[Black "Shohradova, Lala"]
[Result "1-0"]
[ECO "C02"]
[WhiteElo "2236"]
[BlackElo "1846"]
[Annotator "RC"]
[PlyCount "63"]
[EventDate "2023.11.13"]
[EventType "swiss"]
[EventCountry "ITA"]
[SourceTitle "playchess.com"]
[Source "ChessBase"]
[SourceQuality "1"]
[TimeControl "40/5400+30:1800+30"]

1. e4 e6 2. d4 d5 3. e5 c5 4. c3 Nc6 5. Nf3 Qb6 6. Bd3 cxd4 7. O-O Bd7 8. Re1 Rc8 9. Nbd2 dxc3 10. bxc3 Na5 11. Rb1 Qc7 12. c4 dxc4 13. Bc2 Ne7 14. Ne4 Nd5 15. Nfg5 Bc6 16. Qh5 g6 17. Qf3 Rd8 18. Ba3 b5 19. Bd6 Bxd6 20. exd6 Qb7 21. Nc5 O-O 22. Nxb7 Nxb7 23. Qh3 Nf6 24. d7 Nc5 25. Rbd1 Bd5 26. Qh4 Ncxd7 27. Ne4 Kg7 28. Nxf6 Nxf6 29. Qg3 a5 30. Qe5 h5 31. h3 Rh8 32. Rd4 1-0

[Event "FIDE WYCC Girls U18 2023"]
[Site "Montesilvano"]
[Date "2023.11.18"]
[Round "6.8"]
[White "Nguyen Hong Nhung"]
[Black "Starosta, Martyna"]
[Result "*"]
[ECO "B12"]
[WhiteElo "1975"]
[BlackElo "2208"]
[Annotator "RC"]
[PlyCount "63"]
[EventDate "2023.11.13"]
[EventType "swiss"]
[EventCountry "ITA"]
[SourceTitle "playchess.com"]
[Source "ChessBase"]
[SourceQuality "1"]
[TimeControl "40/5400+30:1800+30"]

1. e4 c6 2. d4 d5 3. f3 e6 4. Nc3 Bb4 5. Bf4 Ne7 6. Qd3 b6 7. Nge2 Ba6 8. Qe3 O-O 9. a3 Bxc3+ 10. Qxc3 Nd7 11. O-O-O c5 12. Bd6 Rc8 13. Nf4 Bxf1 14. Rhxf1 cxd4 15. Qxd4 Nc5 16. Bxe7 Qxe7 17. Kb1 dxe4 18. fxe4 Rfd8 19. Qe3 Rxd1+ 20. Rxd1 b5 21. Qc3 Qf8 22. e5 Na4 23. Qa5 Qc5 24. Rd8+ Rxd8 25. Qxd8+ Qf8 26. Qc7 Qa8 27. Qd7 a6 28. Qc7 g5 29. Nh5 Qf8 30. Nf6+ Kg7 31. Ne4 b4 32. Qa5 *

[Event "FIDE WYCC Girls U18 2023"]
[Site "Montesilvano"]
[Date "2023.11.18"]
[Round "6.9"]
[White "Abrisqueta Zudaire, Leyre"]
[Black "Blanquet, Camille"]
[Result "*"]
[WhiteElo "2137"]
[BlackElo "1953"]
[Annotator "NA"]
[PlyCount "65"]
[EventDate "2023.11.13"]
[EventType "swiss"]
[EventCountry "ITA"]
[SourceTitle "playchess.com"]
[Source "ChessBase"]
[SourceQuality "1"]
[TimeControl "40/5400+30:1800+30"]

1. d4 Nf6 2. c4 e6 3. Nf3 d5 4. g3 Bb4+ 5. Bd2 Be7 6. Bg2 O-O 7. O-O Nbd7 8. Qc2 Ne4 9. Nc3 Nxd2 10. Nxd2 c6 11. Rfd1 f5 12. a3 Rb8 13. e3 b5 14. cxb5 cxb5 15. Ne2 Nb6 16. Nf4 a5 17. b3 Qd6 18. Nf3 Ba6 19. Ne5 Nd7 20. Nc6 Rfc8 21. Nxe7+ Qxe7 22. Qd2 g5 23. Nd3 b4 24. axb4 Bxd3 25. Qxd3 Qxb4 26. Bxd5 exd5 27. Qxf5 Qb5 28. Qxg5+ Kf7 29. Rdc1 Nf6 30. Qf4 Qd7 31. Re1 Rxb3 32. e4 dxe4 33. Rxe4 *